Map: [ESL] Hardwire

Players

Reynor - Winner!

  • Race: Zerg Zerg

ByuN

  • Race: Terran Terran

Event: IEM Katowice 2022

VOD

Have the link to the VOD?

Description

Time

  • Played on: Feb. 25, 2022, 2:59 p.m.
  • Length: 15:19

All games in this series

Show
View Real Time Build Order
Export as new Build Order

Reynor Zerg - Winner!

Build Orders: Pool First 

Get SALT Encoding   

  12  0:00  Drone  
  13  0:12  Overlord  
  13  0:16  Drone  
  14  0:30  Drone x2  
  16  0:41  Spawning Pool  
  15  0:43  Drone  
  15  0:47  Drone  
  17  1:07  Hatchery  
  17  1:10  Drone  
  17  1:28  Zergling x6  
  17  1:29  Queen  
  22  1:35  Extractor  
  22  1:38  Overlord  
  21  1:49  Drone  
  22  2:01  Drone  
  23  2:05  Queen  
  25  2:11  Drone  
  26  2:19  Drone  
  27  2:23  Drone  
  28  2:30  Drone  
  28  2:33  Drone  
  30  2:37  Hatchery  
  30  2:39  Drone x2  
  30  2:43  Drone  
  32  2:48  Metabolic Boost  
  32  2:52  Overlord  
  32  2:55  Drone  
  32  2:58  Drone  
  34  3:00  Drone  
  34  3:03  Drone  
  36  3:10  Queen  
  36  3:11  Drone  
  39  3:13  Drone  
  39  3:19  Drone  
  41  3:23  Overlord  
  41  3:25  Queen  
  43  3:30  Drone  
  44  3:39  Overlord  
  44  3:42  Drone  
  44  3:43  Drone x2  
  44  3:45  Drone  
  44  3:46  Queen  
  50  3:50  Drone x2  
  50  3:51  Queen  
  54  3:57  Zergling x2  
  54  3:59  Drone x2  
  54  4:01  Queen  
  59  4:06  Drone  
  60  4:12  Spore Crawler  
  60  4:15  Overlord  
  60  4:16  Zergling x2  
  60  4:18  Zergling x6  
  60  4:20  Drone, Overlord  
  60  4:22  Drone x2  
  60  4:23  Drone  
  65  4:24  Drone  
  63  4:31  Drone x2  
  63  4:33  Drone  
  63  4:34  Lair  
  63  4:36  Spore Crawler  
  65  4:41  Drone  
  65  4:42  Drone  
  65  4:44  Spore Crawler  
  66  4:46  Drone  
  66  4:49  Queen  
  66  4:52  Drone  
  70  4:53  Drone, Baneling Nest  
  70  4:54  Drone, Extractor  
  70  4:56  Drone x2  
  70  4:59  Overlord  
  72  5:04  Overlord  
  72  5:06  Drone x3  
  75  5:07  Overlord  
  75  5:09  Zergling x2  
  75  5:10  Zergling x2  
  75  5:12  Spore Crawler  
  76  5:15  Overlord  
  76  5:19  Zergling x6  
  75  5:22  Evolution Chamber  
  75  5:23  Drone x4  
  79  5:29  Drone  
  79  5:30  Drone  
  79  5:34  Drone x2  
  79  5:35  Drone x2  
  83  5:36  Overseer  
  83  5:38  Centrifugal Hooks  
  83  5:39  Drone  
  84  5:49  Drone  
  81  5:50  Drone  
  81  5:51  Drone  
  81  5:54  Extractor  
  81  5:56  Extractor  
  79  5:59  Drone x4  
  79  6:01  Overlord  
  83  6:04  Drone  
  83  6:05  Drone x2  
  83  6:06  Queen  
  83  6:09  Evolution Chamber  
  87  6:15  Hatchery  
  86  6:19  Drone x5  
  86  6:20  Queen  
  86  6:21  Evolution Chamber, Extractor  
  86  6:22  Overlord  
  86  6:24  Evolution Chamber  
  90  6:27  Zergling x8  
  95  6:35  Zergling x4  
  95  6:37  Spire  
  95  6:38  Extractor  
  95  6:39  Zergling x2  
  96  6:42  Baneling x6  
  96  6:45  Drone x3  
  96  6:46  Drone x2  
  99  6:50  Zergling x2  
  100  6:55  Drone  
  101  7:02  Drone, Overlord  
  101  7:05  Overlord  
  102  7:11  Zerg Ground Armor Level 1  
  102  7:12  Zerg Melee Weapons Level 1, Zergling x4  
  104  7:16  Baneling x3  
  104  7:17  Overlord  
  104  7:18  Zergling x10  
  104  7:22  Drone x2  
  110  7:28  Drone x2  
  112  7:32  Drone x2  
  112  7:34  Hatchery  
  112  7:36  Zergling x2  
  112  7:39  Baneling x6  
  112  7:41  Drone x2  
  112  7:42  Drone x2  
  112  7:43  Queen  
  118  7:47  Overlord  
  116  7:53  Zergling x10  
  116  7:56  Drone  
  116  7:57  Extractor  
  116  8:01  Drone x2  
  116  8:02  Spore Crawler  
  116  8:03  Mutalisk x4  
  125  8:06  Mutalisk x2  
  125  8:09  Zerg Flyer Weapons Level 1  
  125  8:12  Mutalisk, Baneling x5  
  129  8:14  Zergling x8  
  129  8:15  Zergling x6  
  129  8:19  Pneumatized Carapace  
  137  8:22  Drone x3  
  137  8:26  Drone  
  141  8:30  Mutalisk  
  141  8:31  Extractor  
  141  8:32  Mutalisk  
  144  8:34  Drone x4  
  144  8:40  Overseer, Baneling x3  
  148  8:44  Baneling x6  
  148  8:53  Drone x7  
  148  8:54  Drone x6  
  148  8:55  Overlord  
  161  9:01  Spore Crawler  
  161  9:02  Mutalisk x2  
  164  9:06  Spore Crawler  
  164  9:07  Zerg Ground Armor Level 2  
  163  9:15  Mutalisk x2  
  167  9:17  Overlord  
  167  9:24  Drone x4  
  167  9:25  Zerg Melee Weapons Level 2  
  167  9:26  Extractor  
  167  9:27  Hatchery, Zergling x6  
  167  9:30  Overlord  
  172  9:37  Mutalisk x3  
  178  9:39  Zergling x6  
  178  9:42  Infestation Pit  
  180  9:52  Mutalisk x2  
  180  9:55  Drone  
  180  9:57  Overlord  
  180  9:58  Extractor  
  180  9:59  Hatchery, Baneling x3  
  183  10:00  Baneling x4  
  183  10:05  Zergling x2  
  183  10:06  Zergling x12  
  190  10:17  Mutalisk x4  
  196  10:21  Zerg Flyer Weapons Level 2  
  196  10:32  Zergling x4  
  198  10:36  Burrow  
  198  10:46  Hive  
  190  10:55  Zergling x34  
  183  11:05  Mutalisk x8  
  188  11:22  Zergling x26  
  194  11:26  Baneling x7  
  194  11:27  Baneling x12  
  194  11:28  Baneling x5  
  194  11:29  Baneling x3  
  194  11:30  Zergling x8  
  198  11:36  Zergling x4  
  200  11:40  Baneling x16  
  200  11:58  Zerg Ground Armor Level 3  
  200  12:00  Zerg Melee Weapons Level 3  
  191  12:17  Zergling x2  
  191  12:18  Zergling x14  
  191  12:29  Zergling x44  
  196  12:40  Ultralisk Cavern  
  196  12:41  Adrenal Glands  
  191  12:48  Baneling x9  
  191  12:49  Zergling x14  
  191  12:50  Zergling x16  
  199  12:53  Baneling x14  
  199  13:01  Baneling x8  
  179  13:24  Zergling x8  
  179  13:25  Zergling x42  
  198  13:29  Zergling x2  
  198  13:31  Zergling x2  
  198  13:32  Zergling x2  
  198  13:40  Zergling x4  
  198  13:41  Chitinous Plating, Zergling x18  
  199  13:46  Baneling x16  
  199  13:55  Zergling x6  
  184  14:03  Zergling x18  
  184  14:07  Ultralisk  
  184  14:08  Zergling x6, Ultralisk  
  197  14:16  Zergling x14  
  180  14:22  Zergling x6, Ultralisk x2  
  180  14:23  Zergling x2  
  192  14:30  Zergling x10  
  195  14:33  Overlord  
  195  14:38  Zergling x16  
  194  14:42  Zergling x6  
  194  14:44  Overlord  
  193  14:49  Overlord  
  193  14:50  Zergling x4  
  196  14:52  Zergling x2  
  196  14:53  Zergling x4  
  196  14:54  Overseer x2  
  196  14:55  Baneling x13  
  196  14:56  Baneling x4  
  196  14:57  Zergling x4  
  196  14:59  Zergling x4  
  196  15:00  Zergling x2  
  196  15:03  Baneling x2  
  196  15:04  Baneling x4  
Show
View Real Time Build Order
Export as new Build Order

ByuN Terran 

Build Orders: Command Center First (CC), Hellion Banshee 

Get SALT Encoding   

  12  0:00  SCV  
  13  0:12  SCV  
  14  0:17  Supply Depot  
  14  0:24  SCV  
  15  0:38  SCV  
  16  0:50  SCV  
  17  0:58  Command Center  
  17  1:02  SCV  
  18  1:11  Barracks  
  18  1:15  SCV  
  19  1:20  Refinery  
  19  1:27  SCV  
  19  1:28  Refinery  
  20  1:39  SCV  
  21  1:51  SCV  
  22  1:57  Marine  
  23  2:03  Orbital Command  
  23  2:07  Factory  
  23  2:11  Orbital Command  
  23  2:17  Barracks Reactor  
  23  2:27  Orbital Command  
  23  2:29  SCV  
  24  2:41  SCV  
  25  2:47  Orbital Command  
  25  2:52  Hellion  
  25  2:53  SCV, Marine x2  
  30  3:00  Supply Depot  
  30  3:02  Starport  
  29  3:05  SCV  
  30  3:16  SCV  
  30  3:17  SCV  
  32  3:20  Hellion x2, Barracks Tech Lab  
  32  3:21  Supply Depot  
  36  3:28  SCV  
  36  3:30  SCV  
  38  3:36  Supply Depot  
  38  3:40  SCV  
  39  3:42  SCV, Hellion x2  
  39  3:45  Cloaking Field, Banshee  
  47  3:48  Barracks Tech Lab  
  47  3:53  SCV  
  47  3:54  SCV  
  49  3:59  Supply Depot  
  49  4:03  Hellion x2  
  49  4:07  SCV x2  
  55  4:10  Stimpack  
  55  4:19  SCV x2  
  56  4:30  Hellion x2  
  56  4:31  Banshee, SCV x2  
  60  4:40  Command Center  
  60  4:43  SCV x2  
  62  4:48  Marine  
  63  4:54  Supply Depot  
  63  4:56  SCV x2  
  63  4:57  Factory Reactor  
  65  5:02  Barracks x2  
  65  5:06  Marine  
  66  5:08  SCV x2  
  68  5:20  SCV x2  
  68  5:21  Engineering Bay x2  
  68  5:24  Marine  
  67  5:29  Refinery  
  67  5:32  SCV x2  
  67  5:35  Barracks  
  69  5:36  Barracks  
  69  5:37  Starport Reactor  
  69  5:40  Refinery  
  69  5:44  SCV  
  69  5:45  SCV  
  65  5:51  Marine  
  65  5:52  Marine x2  
  65  5:55  Terran Infantry Weapons Level 1  
  65  5:56  SCV, Orbital Command  
  65  5:57  SCV  
  66  5:58  Factory Reactor, Terran Infantry Armor Level 1  
  66  6:05  Marine x2  
  66  6:09  Marine, Combat Shield  
  66  6:10  Marine x2  
  71  6:15  SCV  
  72  6:21  Medivac x2  
  72  6:23  Marine  
  72  6:25  Orbital Command  
  77  6:26  SCV, Marine  
  77  6:28  Supply Depot x2  
  77  6:30  SCV  
  80  6:33  Marine x3  
  80  6:35  Barracks Reactor x2  
  80  6:37  Widow Mine x2  
  80  6:38  SCV  
  88  6:42  SCV  
  89  6:50  SCV  
  89  6:51  SCV  
  89  6:52  Marine x4  
  96  6:54  SCV  
  96  6:58  Armory  
  96  6:59  Supply Depot  
  96  7:02  SCV  
  96  7:03  Widow Mine x2, SCV  
  96  7:05  Medivac  
  96  7:06  SCV  
  105  7:10  Supply Depot  
  105  7:12  Factory  
  105  7:14  SCV  
  105  7:15  SCV  
  107  7:18  SCV  
  107  7:22  Marine x6  
  106  7:23  Marine x3  
  106  7:26  SCV  
  106  7:27  SCV  
  111  7:30  SCV  
  111  7:32  Supply Depot  
  112  7:38  SCV  
  112  7:39  SCV, Marine  
  112  7:40  Command Center  
  112  7:42  SCV  
  116  7:45  Marine  
  116  7:46  Marine x4  
  116  7:47  Marine x3  
  116  7:49  Terran Infantry Weapons Level 2  
  124  7:56  Widow Mine x2, Terran Infantry Armor Level 2  
  122  7:58  Factory Tech Lab  
  122  8:01  Sensor Tower  
  122  8:02  Refinery  
  122  8:09  Marine x6  
  122  8:11  Marine x2  
  122  8:12  Marine  
  131  8:23  Widow Mine  
  131  8:24  Drilling Claws, Barracks x2  
  131  8:25  Barracks  
  133  8:27  Supply Depot  
  133  8:28  Supply Depot  
  133  8:30  Marine  
  133  8:31  Widow Mine x2, SCV x3  
  141  8:35  Missile Turret  
  141  8:37  Missile Turret  
  141  8:38  Missile Turret  
  141  8:49  SCV x3  
  141  8:52  Supply Depot, Thor  
  141  8:53  Supply Depot  
  144  9:01  SCV x3  
  147  9:06  Missile Turret x2, Medivac x2  
  147  9:07  Widow Mine x2  
  155  9:11  Planetary Fortress  
  155  9:13  Missile Turret  
  155  9:22  Marine x6  
  155  9:24  Barracks Tech Lab x3, Marine  
  162  9:28  Marine  
  162  9:29  Missile Turret  
  162  9:30  Widow Mine x2  
  167  9:36  Thor  
  173  9:40  Medivac  
  173  9:42  Medivac  
  173  9:44  Terran Vehicle And Ship Armor Level 1  
  177  9:50  Marauder x4  
  185  10:07  Missile Turret  
  185  10:08  Missile Turret  
  187  10:16  Command Center  
  187  10:24  Terran Infantry Armor Level 3, Terran Infantry Weapons Level 3  
  187  10:28  Command Center  
  183  10:29  Command Center  
  183  10:32  Marauder  
  183  10:33  Marauder  
  183  10:35  Refinery, Sensor Tower  
  187  10:40  Missile Turret  
  187  10:44  Marauder  
  187  10:45  Concussive Shells  
  187  10:57  Marauder  
  187  10:58  Marauder  
  187  10:59  Marauder  
  187  11:01  Marine x2  
  187  11:02  Marine x5  
  187  11:03  Widow Mine  
  187  11:04  Widow Mine  
  176  11:06  Widow Mine, Marauder  
  176  11:08  Medivac  
  176  11:09  Medivac  
  178  11:18  Marauder  
  178  11:19  Marauder  
  178  11:20  Marauder, Marine  
  178  11:21  Marine x3  
  178  11:25  Widow Mine x2  
  188  11:27  Thor  
  188  11:28  Marauder  
  188  11:29  Marine  
  197  11:39  Marine  
  199  11:40  Marauder  
  199  11:42  Orbital Command x2  
  200  11:47  Widow Mine  
  200  11:50  Missile Turret  
  200  11:52  Missile Turret  
  200  12:03  Planetary Fortress  
  197  12:11  Widow Mine  
  197  12:14  Widow Mine x2  
  195  12:22  Marauder x2  
  180  12:27  Marine  
  180  12:29  Missile Turret, Marine x7  
  147  12:31  SCV x2, Marine  
  147  12:32  Widow Mine, Marine  
  147  12:33  SCV  
  147  12:35  Widow Mine, Thor  
  139  12:43  SCV, Marine x2  
  137  12:48  Marine x2  
  137  12:50  Marauder x2, Marine x2  
  140  12:52  Marine  
  140  12:54  Widow Mine  
  140  12:56  Widow Mine, SCV x2  
  147  12:59  Marine  
  147  13:00  Marine x2  
  147  13:02  Marauder x2  
  154  13:06  Marine x2  
  154  13:08  Marine x2  
  154  13:09  Starport Reactor  
  154  13:11  Marauder x2  
  162  13:14  Orbital Command  
  162  13:15  Widow Mine  
  162  13:17  Thor  
  162  13:18  Widow Mine  
  167  13:20  Marine  
  167  13:21  Marine x3  
  167  13:23  Marauder  
  167  13:24  SCV x3  
  167  13:26  Marauder  
  172  13:32  Marauder  
  172  13:33  Marauder  
  173  13:34  Marine  
  173  13:35  Marine x3  
  173  13:36  SCV x2  
  173  13:37  Widow Mine  
  173  13:39  Widow Mine  
  172  13:43  Marine  
  172  13:44  Marauder  
  172  13:45  Marine x3  
  172  13:47  SCV, Marauder  
  178  13:48  SCV  
  178  13:52  Marine  
  179  13:56  SCV  
  179  13:58  Widow Mine  
  179  13:59  SCV  
  179  14:01  Widow Mine x2, SCV  
  180  14:03  Marine x3  
  180  14:05  Marine x2  
  180  14:08  SCV  
  183  14:10  Marine x2  
  183  14:12  SCV  
  183  14:14  SCV  
  183  14:16  Marine  
  173  14:20  SCV  
  173  14:23  Marine  
  173  14:24  Marine x2  
  169  14:25  SCV  
  169  14:26  SCV  
  169  14:29  Missile Turret  
  171  14:32  SCV  
  171  14:37  SCV  
  171  14:38  Marauder x2, Marine  
  162  14:49  Orbital Command  
  153  14:58  SCV x2  

Tags
 
Add a new tag
Caveats
  • Supply blocks, unpowered buildings, or Contaminate may cause inaccurate times.
  • Supply counts are checked every 10 seconds.